AoeStats
← avatar

Arabia

510430005Analyzed
1v1 RM · 21h ago on Oct 1, 2026· 22m 42s· 2 players
Game mode
Random Map
Map size
Tiny (2 player)
Population
200
Speed
Normal
Resources
Standard
Victory
Conquest
Starting age
Dark Age
Ending age
Imperial Age
RankedLock teamsTeams togetherTeam positionsShared explorationLock speedFull tech treeHidden civsTurbo modeCheats
Victory
Defeat
🇨🇦 Byzantines · Canada
876
+17
🇨🇱 Mapuche · Chile
896
-17
bar2nice
7:25 Loom
10:23 Feudal Age
10:32 Man-at-Arms
22:13 Castle Age
22:20 Castle Age
22:28 Scale Mail Armor
22:40 Forging
avatar
6:37 Loom
7:10 Loom
9:13 Feudal Age
7:48 Loom
9:58 Double-Bit Axe
11:31 Town Watch
11:53 Horse Collar
Connection lost

Rejoining the realm…

Still unreachable

The connection could not be restored.

Session expired

The server has moved on; the page needs a fresh start.